Map: Templo óseo EE

Players

Fabry

  • Race: Protoss Protoss
  • Spawn Location: 1:00

Dinkleberg

  • Race: Zerg Zerg
  • League: Silver
  • Spawn Location: 3:00

Diego

  • Race: Terran Terran
  • Spawn Location: 12:00

MrFercho

  • Race: Zerg Zerg
  • League: Silver
  • Spawn Location: 7:00

tigro

  • Race: Terran Terran
  • League: Bronze
  • Spawn Location: 6:00

TATORREA

  • Race: Protoss Protoss
  • League: Silver
  • Spawn Location: 7:00

VOD

Have the link to the VOD?

Description

Time

  • Played on: May 22, 2020, 9:31 p.m.
  • Length: 7:57
Show
View Real Time Build Order
Export as new Build Order

Fabry Protoss 

Build Orders:  

Get SALT Encoding   

  12  0:01  Probe (Chrono Boost)  
  13  0:11  Probe (Chrono Boost)  
  14  0:22  Pylon  
  14  0:24  Probe  
  15  0:40  Probe  
  16  0:48  Gateway  
  16  0:50  Gateway  
  16  0:57  Probe  
  16  1:01  Pylon  
  17  1:10  Assimilator  
  17  1:11  Probe  
  18  1:26  Gateway  
  18  1:37  Probe  
  19  1:46  Cybernetics Core  
  19  1:49  Probe  
  19  1:54  Forge  
  21  2:01  Probe  
  21  2:02  Zealot  
  25  2:15  Zealot x2  
  25  2:20  Warp Gate (Chrono Boost)  
  27  2:34  Twilight Council  
  27  2:42  Zealot x2  
  31  2:59  Pylon  
  31  3:01  Pylon  
  31  3:08  Charge (Chrono Boost)  
  31  3:17  Zealot x2  
  35  3:21  Zealot  
  37  3:41  Protoss Ground Weapons Level 1 (Chrono Boost)  
  37  3:45  Zealot x2  
  41  3:48  Zealot  
  43  4:12  Pylon  
  43  4:13  Pylon  
  43  4:24  Zealot x2  
  47  4:40  Zealot  
  49  4:57  Gateway, Zealot x2  
  49  4:58  Gateway  
  53  5:00  Zealot  
  55  5:19  Blink  
  55  5:27  Zealot x3  
  61  5:43  Protoss Ground Armor Level 1  
  61  6:47  Zealot  
  63  6:58  Pylon  
  63  6:59  Pylon  
  63  7:01  Pylon  
  63  7:16  Nexus  
  63  7:44  Zealot x5  
Show
View Real Time Build Order
Export as new Build Order

Dinkleberg Zerg 

Build Orders: Pool First 

Get SALT Encoding   

  12  0:02  Drone  
  13  0:13  Overlord  
  13  0:18  Drone  
  14  0:36  Spawning Pool  
  14  0:38  Drone  
  14  0:42  Drone  
  15  0:47  Extractor  
  15  0:48  Drone  
  15  0:53  Drone  
  16  1:01  Drone  
  18  1:11  Drone  
  18  1:25  Queen  
  18  1:27  Drone  
  21  1:33  Drone  
  22  1:40  Extractor  
  22  1:43  Drone  
  22  1:54  Overlord  
  22  2:08  Lair  
  22  2:12  Overlord  
  22  2:16  Drone  
  23  2:28  Drone  
  24  2:38  Zergling x6  
  24  2:40  Metabolic Boost  
  24  2:43  Drone  
  28  2:59  Drone  
  29  3:10  Nydus Network  
  29  3:11  Zergling x2  
  29  3:22  Hydralisk Den  
  29  3:23  Drone x2  
  30  3:35  Drone  
  30  3:39  Hatchery  
  30  3:44  Zergling x2  
  31  3:57  Queen, Hatchery  
  32  4:03  Zergling x2  
  33  4:10  Hydralisk  
  35  4:26  Overseer  
  35  4:31  Hydralisk  
  35  4:34  Overlord x3  
  37  4:52  Muscular Augments  
  37  4:55  Zergling x6  
  40  5:00  Hydralisk  
  40  5:04  Drone  
  43  5:09  Overseer  
  43  5:21  Overseer  
  43  5:47  Hydralisk  
  43  5:48  Hydralisk x7  
  59  6:00  Zergling x6  
  59  6:01  Zergling x2, Overseer  
  63  6:43  Nydus Canal  
  63  6:50  Zergling x4  
  63  6:51  Zergling x14  
Show
View Real Time Build Order
Export as new Build Order

Diego Terran 

Build Orders:  

Get SALT Encoding   

  12  0:03  SCV  
  13  0:17  Supply Depot  
  13  0:20  SCV  
  14  0:32  SCV  
  15  0:41  Barracks  
  15  0:44  SCV  
  16  0:50  Refinery  
  16  0:56  SCV  
  17  1:08  SCV  
  17  1:09  Barracks  
  18  1:18  Supply Depot  
  18  1:21  SCV  
  19  1:37  Barracks  
  19  1:45  Barracks Tech Lab  
  19  1:59  SCV  
  20  2:09  Marine x2, Engineering Bay  
  20  2:11  SCV  
  23  2:17  Combat Shield  
  23  2:23  SCV  
  23  2:28  Marine  
  25  2:43  SCV  
  26  2:45  Refinery  
  26  2:53  Barracks Reactor x2  
  26  3:09  Orbital Command  
  26  3:14  Marine  
  27  3:23  Terran Infantry Weapons Level 1  
  27  3:32  Marine x4  
  31  3:41  Marine  
  32  3:50  Supply Depot  
  32  3:53  Marine x3  
  32  3:54  Marine  
  36  4:13  SCV  
  36  4:15  Supply Depot  
  36  4:16  Factory  
  37  4:18  Marine  
  37  4:19  Marine x3  
  37  4:20  Marine  
  42  4:36  Marine x2  
  42  4:37  Marine x3  
  47  5:06  Armory  
  47  5:11  Starport  
  47  5:17  Terran Infantry Armor Level 1  
  47  5:18  Marine x3  
  47  5:19  Marine x2  
  52  5:51  Marine x2  
  52  5:52  Marine  
  55  6:02  Supply Depot  
  55  6:03  Marine x2  
  55  6:04  Medivac  
  53  6:33  Medivac  
  55  7:00  Marine x4  
  55  7:01  Marine  
  60  7:03  Medivac  
  62  7:18  Marine x5  
  67  7:28  Supply Depot  
  67  7:35  Marine  
  67  7:36  Marine  
Show
View Real Time Build Order
Export as new Build Order

MrFercho Zerg 

Build Orders: Pool First 

Get SALT Encoding   

  12  0:02  Drone  
  13  0:16  Overlord  
  13  0:18  Drone  
  14  0:27  Overlord  
  14  0:37  Drone  
  14  0:40  Drone  
  16  0:51  Drone  
  17  0:59  Spawning Pool  
  16  1:07  Drone  
  17  1:11  Extractor  
  17  1:14  Extractor, Drone  
  16  1:21  Drone  
  17  1:32  Drone  
  18  1:42  Drone  
  19  1:48  Queen  
  19  1:54  Drone  
  22  2:03  Metabolic Boost  
  22  2:25  Drone x2  
  22  2:28  Hatchery  
  23  2:38  Lair  
  23  2:40  Drone x2  
  25  2:56  Overlord  
  25  3:05  Zergling x2  
  25  3:06  Zergling x4  
  28  3:37  Evolution Chamber  
  27  4:02  Zergling x2  
  28  4:03  Zergling x10  
  28  4:08  Zerg Ground Armor Level 1  
  33  4:17  Spire  
  33  4:22  Queen  
  34  4:24  Drone x3  
  37  4:31  Drone  
  37  4:32  Drone  
  39  5:09  Drone  
  39  5:10  Drone x4  
  39  5:11  Overlord x3  
  44  5:29  Spire  
  44  5:33  Zergling x2  
  44  5:34  Zergling x6  
  37  6:28  Mutalisk x4  
  37  6:29  Mutalisk x3  
Show
View Real Time Build Order
Export as new Build Order

tigro Terran 

Build Orders:  

Get SALT Encoding   

  12  0:02  SCV  
  13  0:14  SCV  
  14  0:23  Supply Depot  
  14  0:26  SCV  
  15  0:35  Refinery  
  15  0:44  SCV  
  16  0:56  SCV  
  17  0:58  Barracks  
  17  1:07  Refinery  
  17  1:08  SCV  
  18  1:14  Supply Depot  
  18  1:20  SCV  
  19  1:33  SCV  
  20  1:45  SCV  
  20  1:46  Marine  
  22  1:57  SCV  
  23  2:04  Marine  
  24  2:12  Barracks  
  24  2:18  SCV  
  24  2:22  Marine  
  26  2:28  Engineering Bay  
  26  2:30  SCV  
  27  2:40  Marine  
  27  2:42  Orbital Command  
  28  2:57  Marine  
  29  3:22  Barracks Tech Lab  
  29  3:24  Barracks Tech Lab  
  29  3:41  Factory  
  29  3:52  Missile Turret  
  29  3:59  Marauder  
  29  4:02  Combat Shield  
  31  4:04  Stimpack  
  31  4:13  Missile Turret  
  31  4:15  Marine  
  32  4:20  Marauder  
  32  4:21  Terran Infantry Weapons Level 1  
  34  4:26  Factory Tech Lab  
  34  4:37  Missile Turret  
  34  4:42  Marauder  
  34  4:44  Starport  
  36  5:00  Missile Turret  
  36  5:01  Siege Tank  
  36  5:03  Marauder  
  41  5:24  Starport  
  41  5:25  Armory  
  41  5:33  SCV  
  42  5:50  Command Center  
  28  6:28  Starport Tech Lab  
  28  6:30  Starport Tech Lab  
  28  6:50  Marine, Fusion Core  
  29  6:54  Marauder  
  29  6:57  Medivac  
  29  7:00  Banshee  
  36  7:04  Planetary Fortress  
  36  7:08  Marine  
  37  7:16  Marauder  
  37  7:17  Refinery  
  37  7:18  Siege Tank  
  42  7:26  Marine  
Show
View Real Time Build Order
Export as new Build Order

TATORREA Protoss 

Build Orders:  

Get SALT Encoding   

  12  0:02  Probe  
  13  0:22  Probe  
  14  0:40  Probe  
  15  0:47  Assimilator  
  15  1:01  Pylon  
  15  1:18  Assimilator  
  15  1:19  Probe  
  16  1:31  Probe  
  17  1:43  Probe  
  18  1:54  Gateway  
  18  1:55  Probe  
  18  1:58  Nexus  
  19  2:06  Pylon  
  19  2:07  Probe  
  20  2:19  Probe  
  21  2:31  Probe  
  22  3:11  Cybernetics Core  
  22  3:12  Forge  
  22  3:16  Pylon  
  22  3:19  Pylon, Probe  
  23  3:22  Probe  
  24  3:31  Probe  
  25  3:43  Probe  
  26  3:55  Probe  
  27  3:58  Pylon  
  27  4:01  Pylon  
  27  4:05  Probe  
  27  4:07  Probe  
  29  4:16  Assimilator  
  29  4:17  Probe  
  29  4:19  Probe  
  29  4:21  Stalker, Assimilator  
  29  4:23  Warp Gate  
  33  4:29  Probe  
  34  4:31  Probe  
  34  4:34  Gateway  
  34  4:35  Stargate  
  35  4:39  Stargate  
  35  4:41  Probe  
  35  4:43  Probe  
  37  4:53  Probe  
  37  4:55  Probe  
  37  4:57  Stalker  
  41  5:06  Probe  
  42  5:08  Probe  
  43  5:18  Probe  
  43  5:20  Probe  
  45  5:25  Oracle x2  
  51  5:29  Stalker  
  51  5:30  Probe  
  51  5:32  Probe  
  51  5:34  Stalker  
  57  5:42  Probe  
  58  5:44  Probe  
  59  5:54  Probe  
  59  5:56  Probe  
Tags
 
Add a new tag
Caveats
  • Supply blocks, unpowered buildings, or Contaminate may cause inaccurate times.
  • Supply counts are checked every 10 seconds.